 Dungeon Sprint DCSS version 0.17-a0-1450-g7e755d1 (webtiles) character file.

5862 pulse the Severer (level 11, -1/99 HPs)
             Began as a Formicid Fighter on June 30, 2015.
             Was the Champion of Trog.
             Slain by a catoblepas (14 damage)
             ... in the Dungeon (Sprint IX: "|||||||||||||||||||||||||||||").
             The game lasted 00:04:12 (1440 turns).

pulse the Severer (Formicid Fighter)                Turns: 1440, Time: 00:04:12

Health: -1/99      AC: 17    Str: 27    XL:     11   Next: 8%
Magic:  12/12      EV:  6    Int:  7    God:    Trog [******]
Gold:   0          SH:  0    Dex: 14    Spells: 0 memorised, 10 levels left

rFire  + . .     SeeInvis +     b - +3 war axe (freeze)
rCold  + . .     Clarity  .     q - +1 chain mail
rNeg   . . .     SustAt   .     c - +0 shield
rPois  +         Gourm    .     (helmet unavailable)
rElec  +         Spirit   .     o - +0 cloak
rCorr  +         Warding  .     p - +1 pair of gloves
rMut   .         Stasis   +     (no boots)
MR     +....                    (no amulet)
Stlth  ..........               s - +3 ring of dexterity
                                r - +3 ring of strength

@: resistant, petrifying (expiring), very slightly contaminated, invisible, very
slow, somewhat resistant to hostile enchantments, extremely unstealthy
A: permanent stasis, dig shafts and tunnels, four strong arms, antennae 3
a: Dig, Burn Spellbooks, Trog's Hand, Brothers in Arms, Renounce Religion


You were in the Dungeon.
You worshipped Trog.
Trog was exalted by your worship.
You were not hungry.

You visited 1 branch

Inventory:

Hand weapons
 b - a +3 war axe of freezing (weapon)
Armour
 c - a +0 shield (worn)
 o - a +0 cloak (worn)
 p - a +1 pair of gloves (worn)
 q - a +1 chain mail (worn)
Jewellery
 r - a +3 ring of strength (left hand)
 s - a +3 ring of dexterity (right hand)
Magical devices
 n - a wand of draining (1)
Scrolls
 k - 3 scrolls of blinking
 m - 4 scrolls of remove curse
 v - 2 scrolls of enchant weapon
 w - a scroll of enchant armour
 x - a scroll of fog
Potions
 a - 3 potions of cure mutation
 f - 3 potions of curing
 h - 3 potions of haste
 i - 4 potions of magic
 j - 2 potions of berserk rage
Comestibles
 u - 4 fruits


   Skills:
 + Level 13.6 Fighting
 * Level 16.1 Axes
 + Level 12.4 Armour
 + Level 7.8 Dodging
 - Level 3.6 Shields
 + Level 2.5 Evocations


You had 10 spell levels left.
You didn't know any spells.

Dungeon Overview and Level Annotations

Branches:
Dungeon (1/1)

Altars:
Cheibriados
Dithmenos
Elyvilon
Fedhas
Gozag
Kikubaaqudgha
Makhleb
Nemelex Xobeh
Okawaru
Qazlal
Ru
Sif Muna
Trog
Vehumet
Xom
Yredelemnul
Zin
The Shining One
Beogh
Jiyva
Lugonu


Innate Abilities, Weirdness & Mutations

You are under a permanent stasis effect.
You can dig through walls and to a lower floor.
Your four strong arms can wield two-handed weapons with a shield.
You have a pair of large antennae on your head (SInv).


Message History

You are too injured to fight recklessly!
You are too injured to fight recklessly!
You catch the helpless catoblepas completely off-guard!
You hit the catoblepas but do no damage.
The catoblepas is severely wounded.
You are engulfed in calcifying dust.
You are slowing down.
The catoblepas breathes a plume of calcifying dust at you.
The blast of calcifying dust hits you!
* * * LOW HITPOINT WARNING * * *
You hit the catoblepas. You freeze the catoblepas.
The catoblepas is almost dead.
You are engulfed in calcifying dust.
The catoblepas gores you!
* * * LOW HITPOINT WARNING * * *
Your limbs are stiffening.
You slash the catoblepas! You freeze the catoblepas.
The catoblepas is almost dead.
You are engulfed in calcifying dust.
Your limbs have turned to stone.
The catoblepas gores you!!
You die... {{ { {{ {{ {{{{{{{{{{{{ {{{{{ { { { {{{{{

{ ▓▓▓▓▓▓▓▓▓▓▓▓▓▓▓▓▓▓▓▓▓▓▓▓
......(†...§..§§@YYYYYYY{
▓▓▓▓▓▓▓▓▓▓▓▓▓▓▓▓▓▓▓▓▓▓▓▓▓▓▓▓▓▓▓▓▓
.................................
▓▓▓▓▓▓▓▓▓▓▓▓▓▓▓▓▓▓▓▓▓▓▓▓▓▓▓▓▓▓▓▓▓
______________'.?|)....(').(...'.
▓▓▓▓▓▓▓▓▓▓▓▓▓▓▓▓▓▓▓▓▓▓▓▓▓▓▓▓▓▓▓▓▓


You could see a death yak, 2 catoblepae and 4 yaks.

Vanquished Creatures
  2 hydras (D)
  A centaur warrior (D)
  A death yak (D)
  An unseen horror (D)
  A spiny frog (D)
  2 blink frogs (D)
  A polar bear (D)
  A slime creature (D)
  A deep elf mage (D)
  A wolf (D)
  A yak (D)
  A soldier ant (D)
  A water moccasin (D)
  5 porcupines (D)
  An ice beast (D)
  A centaur (D)
  3 giant frogs (D)
  2 crimson imps (D)
  A hound (D)
  A worker ant (D)
  A river rat (D)
  A shadow imp (D)
  An orc (D)
  A goblin (D)
  2 hobgoblins (D)
  A bat (D)
  A giant gecko zombie (D)
  A giant newt (D)
  A kobold (D)
  2 rats (D)
41 creatures vanquished.

Vanquished Creatures (others)
  A plant (D)
1 creature vanquished.

Grand Total: 42 creatures vanquished

Notes
Turn   | Place    | Note
--------------------------------------------------------------
     0 | D        | pulse the Formicid Fighter began the quest for the Orb.
     0 | D        | Reached XP level 1. HP: 18/18 MP: 1/1
   183 | D        | Noticed a crimson imp
   183 | D        | Noticed an ice beast
   189 | D        | Killed a crimson imp
   189 | D        | Reached skill level 5 in Fighting
   189 | D        | Reached skill level 5 in Armour
   189 | D        | Reached skill level 1 in Dodging
   189 | D        | Reached XP level 2. HP: 23/27 MP: 2/2
   189 | D        | Reached XP level 3. HP: 28/33 MP: 3/3
   203 | D        | Killed an ice beast
   203 | D        | Reached skill level 7 in Fighting
   203 | D        | Reached skill level 5 in Axes
   203 | D        | Reached XP level 4. HP: 31/43 MP: 4/4
   203 | D        | Reached XP level 5. HP: 34/48 MP: 5/5
   301 | D        | Found a glowing silver altar of Zin.
   301 | D        | Found a glowing golden altar of the Shining One.
   301 | D        | Found an ancient bone altar of Kikubaaqudgha.
   301 | D        | Found a basalt altar of Yredelemnul.
   301 | D        | Found a shimmering altar of Xom.
   301 | D        | Found a radiant altar of Vehumet.
   302 | D        | Found an iron altar of Okawaru.
   303 | D        | Found a burning altar of Makhleb.
   304 | D        | Found a deep blue altar of Sif Muna.
   305 | D        | Found a bloodstained altar of Trog.
   306 | D        | Found a sparkling altar of Nemelex Xobeh.
   307 | D        | Found a white marble altar of Elyvilon.
   308 | D        | Found a roughly hewn altar of Beogh.
   309 | D        | Found a viscous altar of Jiyva.
   310 | D        | Found a corrupted altar of Lugonu.
   311 | D        | Found a blossoming altar of Fedhas.
   312 | D        | Found a snail-covered altar of Cheibriados.
   313 | D        | Became a worshipper of Trog the Wrathful
   314 | D        | Found a shadowy altar of Dithmenos.
   315 | D        | Found a stormy altar of Qazlal.
   316 | D        | Found an opulent altar of Gozag.
   317 | D        | Found a sacrificial altar of Ru.
   380 | D        | Noticed a centaur
   380 | D        | Noticed a hound
   380 | D        | Noticed a worker ant
   380 | D        | Noticed an unseen horror
   382 | D        | Killed a centaur
   382 | D        | Reached skill level 8 in Fighting
   382 | D        | Reached XP level 6. HP: 54/56 MP: 6/6
   389 | D        | Acquired Trog's first power
   390 | D        | Killed a hound
   395 | D        | Killed a worker ant
   412 | D        | Killed an unseen horror
   412 | D        | Acquired Trog's second power
   412 | D        | Reached skill level 10 in Fighting
   412 | D        | Reached skill level 10 in Axes
   412 | D        | Reached XP level 7. HP: 49/67 MP: 7/7
   412 | D        | Reached XP level 8. HP: 54/74 MP: 8/8
   603 | D        | Noticed a slime creature
   603 | D        | Noticed a deep elf mage
   603 | D        | Noticed a crimson imp
   603 | D        | Noticed a centaur warrior
   603 | D        | Noticed a soldier ant
   607 | D        | Killed a slime creature
   607 | D        | Reached skill level 11 in Fighting
   610 | D        | Killed a deep elf mage
   620 | D        | Killed a centaur warrior
   620 | D        | Reached skill level 12 in Axes
   620 | D        | Reached skill level 10 in Armour
   620 | D        | Reached skill level 5 in Dodging
   620 | D        | Reached XP level 9. HP: 64/82 MP: 9/9
   623 | D        | Killed a crimson imp
   623 | D        | Acquired Trog's third power
   629 | D        | Killed a soldier ant
   911 | D        | Noticed a giant frog
   911 | D        | Noticed a five-headed hydra
   911 | D        | Noticed a yak
   911 | D        | Noticed a porcupine
   911 | D        | Noticed a porcupine
   912 | D        | Noticed a five-headed hydra
   912 | D        | Killed a giant frog
   918 | D        | Killed a nine-headed hydra
   918 | D        | Reached skill level 13 in Axes
   918 | D        | Reached skill level 1 in Evocations
   919 | D        | Noticed a wolf
   920 | D        | Noticed a blink frog
   920 | D        | Killed a yak
   920 | D        | Reached XP level 10. HP: 72/91 MP: 9/11
   930 | D        | Killed a 15-headed hydra
   930 | D        | Reached skill level 14 in Axes
   932 | D        | Killed a porcupine
   935 | D        | Killed a porcupine
   936 | D        | Received a gift from Trog
   938 | D        | Killed a wolf
   948 | D        | Killed a blink frog
  1191 | D        | Noticed a water moccasin
  1191 | D        | Noticed a porcupine
  1191 | D        | Noticed a porcupine
  1191 | D        | Noticed a polar bear
  1191 | D        | Noticed a porcupine
  1191 | D        | Noticed a spiny frog
  1192 | D        | Killed a porcupine
  1192 | D        | Reached skill level 15 in Axes
  1194 | D        | Killed a water moccasin
  1195 | D        | Noticed a blink frog
  1195 | D        | Killed a porcupine
  1196 | D        | Noticed a giant frog
  1196 | D        | Noticed a giant frog
  1207 | D        | Killed a polar bear
  1207 | D        | Received a gift from Trog
  1211 | D        | Killed a porcupine
  1217 | D        | Killed a spiny frog
  1219 | D        | Killed a giant frog
  1220 | D        | Killed a giant frog
  1226 | D        | Killed a blink frog
  1378 | D        | Noticed a catoblepas
  1378 | D        | Noticed a yak
  1378 | D        | Noticed a death yak
  1378 | D        | Noticed a yak
  1378 | D        | Noticed a death yak
  1378 | D        | Noticed a catoblepas
  1385 | D        | Noticed a yak
  1411 | D        | Killed a death yak
  1411 | D        | Received a gift from Trog
  1411 | D        | Reached skill level 16 in Axes
  1411 | D        | Reached XP level 11. HP: 71/99 MP: 12/12
  1412 | D        | Noticed a yak
  1440 | D        | Slain by a catoblepas

Vault maps used:
D:        linesprint

Action                   |  1- 3 |  4- 6 |  7- 9 | 10-12 || total
-------------------------+-------+-------+-------+-------++-------
Melee: War axe           |    28 |    40 |    27 |    77 ||   172
Evoke: Wand              |       |     1 |     2 |     3 ||     6
  Use: Potion            |     1 |       |     1 |     6 ||     8
       Scroll            |       |       |     1 |       ||     1
 Stab: Petrifying        |       |       |       |     1 ||     1
       Petrified         |       |       |       |     1 ||     1
       Invisible         |       |       |       |     1 ||     1
  Eat: Bread ration      |       |       |       |     1 ||     1
